 Dungeon Crawl Stone Soup version 0.21-a0-225-g207ae17 (webtiles) character file.

679 tidbits the Skirmisher (level 7, -2/64 HPs)
             Began as a Green Draconian Wanderer on Aug 28, 2017.
             Was an Initiate of Wu Jian.
             Slain by a hippogriff (9 damage)
             ... on level 6 of the Dungeon.
             The game lasted 00:18:21 (2160 turns).

tidbits the Skirmisher (Green Draconian Wanderer)   Turns: 2160, Time: 00:18:22

Health: -2/64      AC:  6    Str: 15    XL:     7   Next: 34%
Magic:  7/7        EV: 13    Int: 10    God:    Wu Jian [......]
Gold:   186        SH:  0    Dex: 14    Spells: 6/6 levels left

rFire    . . .     SeeInvis .     - Unarmed
rCold    + . .     Gourm    .   (no shield)
rNeg     . . .     Faith    .   (armour unavailable)
rPois    +         Spirit   .   (helmet restricted)
rElec    .         Reflect  .   (no cloak)
rCorr    .         Harm     .   (no gloves)
MR       .....                  (no boots)
Stlth    ++........             (no amulet)
HPRegen  0.20/turn              W - ring of wizardry
MPRegen  0.10/turn              l - ring of protection from cold

@: hasted, very quick
A: breathe noxious fumes, unfitting armour, poison resistance, cold-blooded, AC
+6
a: Breathe Noxious Fumes, Renounce Religion


You were on level 6 of the Dungeon.
You worshipped Wu Jian.
Wu Jian was noncommittal.
You were hungry.

You visited 1 branch of the dungeon, and saw 6 of its levels.

You collected 186 gold pieces.

Inventory:

Hand Weapons
 a - a +0 dagger
 e - a +0 club
 s - a -2 hand axe
Missiles
 b - 6 needles of sleeping
 i - 59 arrows
 o - 68 stones (quivered)
Jewellery
 l - a ring of protection from cold (right hand)
   (You found it on level 3 of the Dungeon)
 W - a ring of wizardry (left hand)
   (You found it on level 1 of the Dungeon)
Scrolls
 c - 2 scrolls of teleportation
 f - a scroll of blinking
 j - a scroll of fear {unknown}
 k - a scroll of noise
 q - a scroll of recharging
 t - a scroll of immolation {unknown}
Potions
 h - a potion of curing
 n - a potion of flight
 p - a potion of cancellation
 r - a potion of heal wounds
Comestibles
 d - 2 royal jellies
 g - 3 bread rations
 m - 2 fruits


   Skills:
 - Level 6.8 Fighting
   Level 1.0 Crossbows
 - Level 1.0 Throwing
 - Level 2.9 Dodging
 - Level 1.7 Stealth
 + Level 6.2 Unarmed Combat


You had 6 spell levels left.
You didn't know any spells.

Dungeon Overview and Level Annotations

Branches:
Dungeon (6/15)
 Temple: D:4-7

Altars:
Makhleb
Okawaru
Wu Jian
Zin

Annotations:
D:2 Robin
D:3 Natasha


Innate Abilities, Weirdness & Mutations

You can breathe blasts of noxious fumes.
Your lurid green scales are hard. (AC +6)
You cannot fit into any form of body armour.
Your system is resistant to poisons. (rPois)
You are cold-blooded and may be slowed by cold attacks.


Message History

You hit the phantom.
The phantom is heavily damaged.
The phantom blinks!
You hit the phantom.
The phantom is heavily damaged.
The phantom closely misses you.
You hit the phantom.
The phantom is severely damaged.
A bullfrog skeleton comes into view.
You closely miss the phantom.
Your tail-slap misses the phantom.
The phantom is severely damaged.
The phantom barely misses you.
You miss the phantom.
You tail-slap the phantom, but do no damage.
The phantom is severely damaged.
The phantom hits you!
* * * LOW HITPOINT WARNING * * *
The phantom blinks!
You hit the bullfrog skeleton.
The bullfrog skeleton is lightly damaged.
The bullfrog skeleton barely misses you.
You punch the bullfrog skeleton!
The bullfrog skeleton is heavily damaged.
You closely miss the phantom.
The phantom is severely damaged.
You miss the phantom.
The phantom is severely damaged.
The phantom hits you.
* * * LOW HITPOINT WARNING * * *
You hit the phantom.
The phantom is severely damaged.
The phantom blinks!
You punch the bullfrog skeleton! You tail-slap the bullfrog skeleton.
The bullfrog skeleton is almost destroyed.
The bullfrog skeleton misses you.
You punch the bullfrog skeleton!
You destroy the bullfrog skeleton!
The Council accepts your kill.
You completely miss the phantom.
The phantom is severely damaged.
You hit the phantom but do no damage.
The phantom is severely damaged.
The phantom blinks!
You hit the phantom.
The phantom is severely damaged.
The phantom barely misses you.
You hit the phantom but do no damage.
The phantom is severely damaged.
The phantom misses you.
You hit the phantom.
Your tail-slap misses the phantom.
The phantom is severely damaged.
The phantom blinks!
The phantom blinks!
You hit the phantom but do no damage.
The phantom is severely damaged.
The phantom blinks!
You barely miss the phantom.
Your tail-slap misses the phantom.
The phantom is severely damaged.
The phantom hits you but does no damage.
You hit the phantom.
The phantom is almost destroyed.
The phantom hits you.
* * * LOW HITPOINT WARNING * * *
You hit the phantom.
The phantom is almost destroyed.
You hit the phantom.
You destroy the phantom!
The Council accepts your kill.
Your Unarmed Combat skill increases to level 6!
Unknown command.
Unknown command.
There is an escape hatch in the floor here.
Found a scroll labeled CUG KENETA.
You are feeling hungry.
j - a scroll labeled CUG KENETA A hippogriff comes into view.
The hippogriff screeches!
Okay, then.
You feel yourself speed up.
You completely miss the hippogriff. You punch the hippogriff!
The hippogriff is lightly wounded.
The hippogriff closely misses you. x2; The hippogriff claws you.
* * * LOW HITPOINT WARNING * * *
You punch the hippogriff!
The hippogriff is moderately wounded.
You completely miss the hippogriff.
The hippogriff is moderately wounded.
The hippogriff bites you.
* * * LOW HITPOINT WARNING * * *
The hippogriff pecks you.
* * * LOW HITPOINT WARNING * * *
The hippogriff claws you.
* * * LOW HITPOINT WARNING * * *
You closely miss the hippogriff. You tail-slap the hippogriff.
The hippogriff is heavily wounded.
The hippogriff bites you.
* * * LOW HITPOINT WARNING * * *
The hippogriff pecks you!
You die...

.....≈g
....≈
..... ...
... #.#
#.# #H#
#@# #.#
#.# #.#
#.#####
#.....#
#.#####.#
#.# #.#
.. #.#
#.#


You could see a hippogriff.

Vanquished Creatures
  A phantom (D:6)
  2 ogres (D:6)
  2 scorpions (D:5)
  A bullfrog zombie (D:5)
  A hound (D:4)
  A bullfrog skeleton (D:6)
  Natasha (twice) (D:3)
  2 worker ants (D:6)
  A killer bee zombie (D:6)
  A worker ant zombie (D:4)
  6 adders
  A shadow imp (D:5)
  An ooze (D:5)
  A leopard gecko (D:3)
  5 goblins
  2 hobgoblins
  8 jackals
  2 kobolds (D:2)
  A quokka (D:2)
  2 bats (D:2)
  2 frilled lizards
  2 rats (D:3)
47 creatures vanquished.

Notes
Turn   | Place    | Note
-------+----------+-------------------------------------------
     0 | D:1      | tidbits the Draconian Wanderer began the quest for the Orb.
     0 | D:1      | tidbits set off with: a scroll of blinking, a potion of haste, a scroll of teleportation, a potion of lignification, a +0 club, a +0 dagger, a bread ration
     0 | D:1      | Reached XP level 1. HP: 23/23 MP: 1/1
   295 | D:3      | Noticed an orc priest
   355 | D:2      | Reached skill level 1 in Dodging
   355 | D:2      | Reached XP level 2. HP: 23/30 MP: 2/2
   385 | D:2      | Noticed Robin
   421 | D:3      | Noticed Natasha
   437 | D:3      | Noticed a crimson imp
   440 | D:3      | Killed Natasha
   440 | D:3      | Reached skill level 6 in Fighting
   440 | D:3      | Reached XP level 3. HP: 29/37 MP: 3/3
   565 | D:3      | Noticed Natasha
   586 | D:3      | Killed Natasha
   586 | D:3      | Reached skill level 2 in Dodging
   586 | D:3      | Reached XP level 4. HP: 23/45 MP: 4/4
   653 | D:5      | Entered Level 5 of the Dungeon
   878 | D:3      | Noticed Natasha
   921 | D:4      | Reached XP level 5. HP: 19/51 MP: 5/5
  1024 | D:4      | Found an iron altar of Okawaru.
  1024 | D:4      | Found an ornate altar of the Wu Jian Council.
  1025 | D:4      | Found a burning altar of Makhleb.
  1031 | D:4      | Became a worshipper of the Wu Jian Council
  1237 | D:6      | Noticed an ogre
  1303 | D:6      | Reached skill level 2 in Unarmed Combat
  1320 | D:6      | Killed an ogre
  1320 | D:6      | Reached skill level 3 in Unarmed Combat
  1320 | D:6      | Reached XP level 6. HP: 17/58 MP: 6/6
  1441 | D:6      | Reached skill level 4 in Unarmed Combat
  1480 | D:6      | Noticed an ice beast
  1700 | D:5      | Reached skill level 5 in Unarmed Combat
  1764 | D:5      | Found a glowing silver altar of Zin.
  1846 | D:4      | Your scales start taking on a lurid green colour.
  1846 | D:4      | Reached XP level 7. HP: 15/64 MP: 7/7
  1846 | D:4      | Gained mutation: Your system is resistant to poisons. (rPois) [Green Draconian growth]
  2115 | D:6      | Reached skill level 6 in Unarmed Combat
  2149 | D:6      | Noticed a hippogriff
  2160 | D:6      | Slain by a hippogriff

Vault maps used:
D:1:      eino_arrival_cavern_b
D:2:      minmay_strange_pillars, uniq_robin, uniq_crazy_yiuf_cottage
D:3:      uniq_natasha
D:4:      gammafunk_temple_overflow_claw, hangedman_abyss_or_decor_passed
D:5:      marbit_many_paths, first_bread
D:6:      minmay_temple_entry_trees, kennysheep_okawaru_gauntlet

Skill      XL: |  1  2  3  4  5  6  7 |
---------------+----------------------+-----
Dodging        | 1 2 |  2.9
Fighting       | 6 |  6.8
Unarmed Combat | 3 5 6 |  6.2
Crossbows      | |  1.0
Throwing       | |  1.0
Stealth        | |  1.7

Action                   |  1- 3 |  4- 6 |  7- 9 || total
-------------------------+-------+-------+-------++-------
Melee: Unarmed           |    27 |   111 |    60 ||   198
       Dagger            |    49 |   108 |       ||   157
       Tailslap          |     8 |    33 |     6 ||    47
       Club              |     1 |       |       ||     1
       Punch             |       |     4 |     2 ||     6
  Use: Potion            |     3 |     4 |     1 ||     8
       Scroll            |     2 |    10 |       ||    12
 Stab: Sleeping          |     2 |     5 |       ||     7
  Eat: Chunk             |       |     3 |     1 ||     4
Armor: Skin              |    18 |    51 |     6 ||    75
Dodge: Dodged            |    34 |   127 |    24 ||   185

Table legend:
 A = Spawn XP
 B = Non-spawn XP
 C = Spawn XP percentage of total XP
 D = Spawn monster count
 E = Non-spawn monster count
 F = Spawn count percentage of total count
 G = Total turns spent on level
                    A         B        C        D         E        F      G
               +---------+---------+-------+---------+---------+-------+---------
         Total |      11 |     960 |   1.1 |       1 |      46 |   2.1 |  2160
               +---------+---------+-------+---------+---------+-------+---------
           D:1 |       0 |       5 |   0.0 |       0 |       3 |   0.0 |   199
           D:2 |       0 |      14 |   0.0 |       0 |       8 |   0.0 |   171
           D:3 |       0 |      93 |   0.0 |       0 |       8 |   0.0 |   262
           D:4 |       0 |      89 |   0.0 |       0 |       4 |   0.0 |   450
           D:5 |      11 |     230 |   4.6 |       1 |      11 |   8.3 |   530
           D:6 |       0 |     529 |   0.0 |       0 |      12 |   0.0 |   548
               +---------+---------+-------+---------+---------+-------+---------

Table legend:
 A = Turns spent in this place as a percentage of turns spent in the entire game.
 B = Non-inter-level travel turns spent in this place as a percentage of non-inter-level travel turns spent in the entire game.
 C = Inter-level travel turns spent in this place as a percentage of turns spent in this place.
 D = Turns resting spent in this place as a percentage of non-inter-level travel turns spent in this place.
 E = Turns spent auto-exploring this place as a percentage of non-inter-level travel turns spent in this place.
 F = Non-inter-level travel turns spent in this place divided by the number of levels of this place that you've seen.
                   A       B       C       D       E      F
               +-------+-------+-------+-------+-------+----------------------
         Total | 100.0 | 100.0 |   5.3 |   0.0 |   0.0 | 341.0
       Dungeon | 100.0 | 100.0 |   5.3 |   0.0 |   0.0 | 341.0
               +-------+-------+-------+-------+-------+----------------------

Table legend:
 A = Kills in this place as a percentage of kills in entire the game.
 B = Kills by you in this place as a percentage of kills by you in the entire game.
 C = Kills by friends in this place as a percentage of kills by friends in the entire game.
 D = Other kills in this place as a percentage of other kills in the entire game.
 E = Experience gained in this place as a percentage of experience gained in the entire game.
 F = Experience gained in this place divided by the number of levels of this place that you have seen.
                   A       B       C       D       E      F
               +-------+-------+-------+-------+-------+----------------------
         Total | 100.0 | 100.0 |   N/A |   N/A | 100.0 | 161.8
       Dungeon | 100.0 | 100.0 |   N/A |   N/A | 100.0 | 161.8
               +-------+-------+-------+-------+-------+----------------------

Vault maps used:
D:1:      eino_arrival_cavern_b
D:2:      minmay_strange_pillars, uniq_robin, uniq_crazy_yiuf_cottage
D:3:      uniq_natasha
D:4:      gammafunk_temple_overflow_claw, hangedman_abyss_or_decor_passed
D:5:      marbit_many_paths, first_bread
D:6:      minmay_temple_entry_trees, kennysheep_okawaru_gauntlet
